 Dungeon Sprint DCSS version 0.27-a0-1319-geec4fb4e21 (webtiles) character file.

Game seed: 933166053413500206

7497 mhtbhm the Eclecticist (level 10, 0/44 HPs)
             Began as a Spriggan Earth Elementalist on June 21, 2021.
             Was the Champion of Vehumet.
             Slain by an Executioner (4 damage)
             ... summoned by a deep elf demonologist
             ... in the Dungeon (Sprint III: "The Ten Rune Challenge").
             The game lasted 00:06:58 (2250 turns).

mhtbhm the Eclecticist (SpEE)                       Turns: 2250, Time: 00:06:59

Health: 0/44       AC:  2    Str:  4    XL:     10   Next: 95%
Magic:  35/35      EV: 19    Int: 20    God:    Vehumet [******]
Gold:   2278       SH:  0    Dex: 16    Spells: 26/49 levels left

rFire    . . .     SeeInvis +   a - +0 short sword (speed)
rCold    . . .     Faith    .   (shield restricted)
rNeg     . . .     Spirit   .   b - +0 robe
rPois    .         Reflect  .   (helmet restricted)
rElec    .         Harm     .   (no cloak)
rCorr    .         Rampage  .   (gloves unavailable)
Will     +....     NoTele   +   (boots unavailable)
Stlth    +++.......             (no amulet)
HPRegen  0.14/turn              (no ring)
MPRegen  0.24/turn              (no ring)

@: very quick
A: very small, no large weapons, unfitting armour, see invisible, speed 3
a: Renounce Religion


You were in the Dungeon.
You worshipped Vehumet.
Vehumet was exalted by your worship.
You visited 1 branch You collected 2278 gold pieces.

Inventory:

Hand Weapons
 a - a +0 short sword of speed (weapon)
Missiles
 i - 21 stones
Armour
 b - a +0 robe (worn)
Scrolls
 j - 3 scrolls of identify
 k - a scroll of holy word {unknown}
 p - a scroll of immolation {unknown}
Potions
 c - a potion of curing
 e - 2 potions of haste
 f - a potion of magic
 g - a potion of berserk rage
 l - a potion of flight {unknown}
 m - 5 potions of mutation
 n - a potion of might
Miscellaneous
 o - a piece from Xom's chessboard (15/15)


   Skills:
 + Level 5.2 Dodging
 + Level 6.6 Stealth
 + Level 20.1 Spellcasting
 + Level 2.3 Conjurations
 + Level 2.4 Transmutations
 + Level 15.8 Earth Magic
 + Level 5.7 Evocations


You had 26 spell levels left.
You knew the following spells:

 Your Spells              Type           Power      Damage    Failure   Level
a - Sandblast             Erth           100%       2d20      0%          1
b - Passwall              Tmut/Erth      45%        N/A       1%          2
c - Stone Arrow           Conj/Erth      100%       3d13      1%          3
d - Lee's Rapid Deconstr  Erth           35%        3d19*     1%          5
e - Petrify               Tmut/Erth      54%        N/A       1%          4
f - Inner Flame           Hex/Fire       20%        N/A       2%          3
g - Fireball              Conj/Fire      12%        3d7       11%         5

Your spell library contained the following spells:

 Spells                   Type           Power      Damage    Failure   Level
 Olgreb's Toxic Radiance  Pois           20%        N/A       7%          4


Dungeon Overview and Level Annotations

Branches:
Dungeon (1/1)

Altars:
Cheibriados
Dithmenos
Elyvilon
Fedhas
Gozag
Hepliaklqana
Kikubaaqudgha
Makhleb
Nemelex Xobeh
Okawaru
Qazlal
Ru
Sif Muna
Trog
Uskayaw
Vehumet
Wu Jian
Xom
Yredelemnul
Zin
The Shining One
Beogh
Jiyva
Lugonu

Shops:
D (


Innate Abilities, Weirdness & Mutations

You are very small and have problems with some larger weapons.
You are too small for most types of armour.
You have supernaturally acute eyesight. (SInv)
You cover ground extremely quickly. (Speed+++)


Message History

Things that are here:
a +0 long sword; a +0 leather armour
There is an open door to the Elven Halls here.
The Executioner gestures.
The Executioner seems to speed up.
Blink to where?
Press: ? - help, Dir - move target
As you read the scroll of blinking, it crumbles to dust.
There is an open door to the Orcish Mines here.
Items here: ))) [[ ÷.
Items here: )))).
There is an open door here.
The Executioner closely misses you. The Executioner misses you.
The Executioner hits you. The Executioner hits you!
The Executioner barely misses you. The Executioner hits you.
The Executioner misses you. The Executioner hits you. x2
There is an open door here.
What are your orders? t - Shout!
Orders for allies: a - Attack new target. r - Retreat! s - Stop attacking. g - Guard the area. f - Follow me.
Anything else - Cancel.
Okay, then.
You feel much better. The Executioner barely misses you.
The Executioner hits you. x2; The Executioner hits you!
The Executioner hits you. x2; The Executioner barely misses you.
The Executioner hits you.
The Executioner hits you but does no damage.
Unknown command.
You feel much better. The Executioner hits you! The Executioner misses you.
The Executioner hits you. x2; The Executioner hits you!
* * * LOW HITPOINT WARNING * * *
The Executioner hits you.
* * * LOW HITPOINT WARNING * * *
The Executioner closely misses you. The Executioner hits you!
* * * LOW HITPOINT WARNING * * *
The Executioner hits you.
You die...

▓▓▓ ▓▓▓ ▓▓▓
##.#############.######.######
####..#___#___#__##∩.##._#.1'.#..
#..#..#...#__)#._#.......1.##.#..
#..#..###'#'###'##........#.#.#..
##'#..#..........#).......###1#)e
###...'.⌠........#))##..#..##.)).
###...#...######@#1###.####.#####
##....#.⌠.#__#..1#)##############
#.....#...#__#...#....#.#.#.....#
......#)###__#...##.#.)#.##.###.#
#.....#...#__#...'##)#.#.##)#..##
##....#___#__'...#...#..#).##..'.
▓▓▓▓▓▓▓▓▓▓▓▓▓▓▓▓▓▓▓▓▓▓▓▓▓▓▓▓▓▓#.
♣≈≈≈........≈≈≈...#^
+♣≈≈≈≈≈≈≈≈≈≈≈≈♣♣P.'.


You could see an Executioner (summoned, fast).

Vanquished Creatures
  Erolcha (D)
  2 orc high priests (D)
  2 deep elf knights (D)
  2 deep elf pyromancers (D)
  2 deep elf zephyrmancers (D)
  3 wandering mushrooms (D)
  2 redbacks (D)
  A shadow (D)
  A spatial vortex (D)
  2 orc warriors (D)
  A necrophage (D)
  5 two-headed ogres (D)
  A water elemental (D)
  A jelly (D)
  An orc priest (D)
  A wizard (D)
  A necromancer (D)
  3 orc wizards (D)
  3 humans (D)
  A kobold demonologist (D)
  A wolf (D)
  10 orcs (D)
  An endoplasm (D)
  3 rats (D)
51 creatures vanquished.

Vanquished Creatures (others)
  4 plants (D)
4 creatures vanquished.

Grand Total: 55 creatures vanquished

Notes
Turn   | Place    | Note
-------+----------+-------------------------------------------
     0 | D        | mhtbhm the Spriggan Earth Elementalist began the quest for
                  | the Orb.
     0 | D        | Reached XP level 1. HP: 9/9 MP: 5/5
     9 | D        | Reached skill level 3 in Spellcasting
   191 | D        | Reached skill level 4 in Spellcasting
   191 | D        | Reached XP level 2. HP: 2/13 MP: 1/8
   256 | D        | Learned a level 2 spell: Passwall
   459 | D        | Reached skill level 5 in Spellcasting
   459 | D        | Reached XP level 3. HP: 16/16 MP: 6/10
   463 | D        | Learned a level 3 spell: Stone Arrow
   494 | D        | Noticed a water elemental
   503 | D        | Killed a water elemental
   504 | D        | Reached skill level 6 in Spellcasting
   504 | D        | Reached XP level 4. HP: 21/21 MP: 0/13
   613 | D        | Found a radiant altar of Vehumet.
   613 | D        | Noticed a wizard
   614 | D        | Found a shimmering blue altar of Sif Muna.
   614 | D        | Found an ancient bone altar of Kikubaaqudgha.
   617 | D        | Killed a wizard
   618 | D        | Reached skill level 5 in Stealth
   618 | D        | Reached skill level 7 in Spellcasting
   621 | D        | Reached XP level 5. HP: 15/24 MP: 8/16
   675 | D        | Became a worshipper of Vehumet
   742 | D        | Learned a level 5 spell: Lee's Rapid Deconstruction
   747 | D        | Learned a level 4 spell: Petrify
   758 | D        | Found a basalt altar of Yredelemnul.
   758 | D        | Found a shadowy altar of Dithmenos.
   758 | D        | Found a sacrificial altar of Ru.
   758 | D        | Noticed a necrophage
   761 | D        | Reached skill level 8 in Spellcasting
   763 | D        | Killed a necrophage
   764 | D        | Reached skill level 9 in Spellcasting
   903 | D        | Found a glowing silver altar of Zin.
   903 | D        | Found a glowing golden altar of the Shining One.
   903 | D        | Found a white marble altar of Elyvilon.
   903 | D        | Noticed a deep elf pyromancer
   905 | D        | Noticed a fire elemental
   905 | D        | Noticed a fire elemental
   906 | D        | Killed a deep elf pyromancer
   906 | D        | Reached * piety under Vehumet
   906 | D        | Offered knowledge of Shock by Vehumet.
   907 | D        | Reached skill level 12 in Spellcasting
   907 | D        | Reached skill level 1 in Conjurations
   907 | D        | Reached skill level 10 in Earth Magic
   907 | D        | Reached XP level 6. HP: 28/28 MP: 4/22
   907 | D        | Reached XP level 7. HP: 32/32 MP: 4/24
  1017 | D        | Found a hide-covered altar of Uskayaw.
  1017 | D        | Found an iron altar of Okawaru.
  1017 | D        | Found a bloodstained altar of Trog.
  1017 | D        | Found an ornate altar of the Wu Jian Council.
  1017 | D        | Noticed a human
  1017 | D        | Noticed a human
  1020 | D        | Killed a human
  1021 | D        | Reached skill level 5 in Dodging
  1021 | D        | Reached skill level 13 in Spellcasting
  1021 | D        | Killed a human
  1138 | D        | Reached ** piety under Vehumet
  1138 | D        | Offered knowledge of Searing Ray by Vehumet.
  1138 | D        | Noticed a shadow
  1141 | D        | Killed a shadow
  1142 | D        | Reached skill level 14 in Spellcasting
  1142 | D        | Reached XP level 8. HP: 36/36 MP: 12/27
  1223 | D        | Found a blossoming altar of Fedhas.
  1223 | D        | Found a stormy altar of Qazlal.
  1223 | D        | Found a snail-covered altar of Cheibriados.
  1223 | D        | Found a burning altar of Makhleb.
  1223 | D        | Found a shimmering altar of Xom.
  1224 | D        | Found a hazy altar of Hepliaklqana.
  1224 | D        | Found an opulent altar of Gozag.
  1224 | D        | Found a sparkling altar of Nemelex Xobeh.
  1224 | D        | Found a corrupted altar of Lugonu.
  1224 | D        | Found a viscous altar of Jiyva.
  1314 | D        | Offered knowledge of Conjure Flame by Vehumet.
  1314 | D        | Reached *** piety under Vehumet
  1456 | D        | Noticed a two-headed ogre
  1459 | D        | Killed a two-headed ogre
  1460 | D        | Reached skill level 15 in Spellcasting
  1464 | D        | Noticed a two-headed ogre
  1470 | D        | Killed a two-headed ogre
  1471 | D        | Reached XP level 9. HP: 39/39 MP: 2/29
  1473 | D        | Noticed Erolcha
  1535 | D        | Killed Erolcha
  1535 | D        | Offered knowledge of Inner Flame by Vehumet.
  1535 | D        | Reached **** piety under Vehumet
  1536 | D        | Reached skill level 16 in Spellcasting
  1652 | D        | Learned a level 3 spell: Inner Flame
  1713 | D        | Offered knowledge of Fireball by Vehumet.
  1714 | D        | Reached skill level 17 in Spellcasting
  1789 | D        | Learned a level 5 spell: Fireball
  1791 | D        | Noticed a wandering mushroom
  1795 | D        | Noticed a wandering mushroom
  1799 | D        | Killed a wandering mushroom
  1800 | D        | Noticed a wandering mushroom
  1805 | D        | Killed a wandering mushroom
  1811 | D        | Killed a wandering mushroom
  1811 | D        | Reached ***** piety under Vehumet
  1936 | D        | Found Quheomm's Weapon Boutique.
  1939 | D        | Offered knowledge of Iron Shot by Vehumet.
  1939 | D        | Noticed an orc high priest
  1941 | D        | Noticed an orc high priest
  1942 | D        | Killed an orc high priest
  1943 | D        | Reached skill level 18 in Spellcasting
  1943 | D        | Reached XP level 10. HP: 44/44 MP: 22/33
  1944 | D        | Noticed a sun demon
  1945 | D        | Reached skill level 5 in Evocations
  1946 | D        | Killed an orc high priest
  1952 | D        | Reached ****** piety under Vehumet
  2149 | D        | Noticed a deep elf zephyrmancer
  2149 | D        | Noticed a deep elf pyromancer
  2149 | D        | Noticed a deep elf zephyrmancer
  2149 | D        | Noticed a deep elf knight
  2149 | D        | Noticed a deep elf knight
  2163 | D        | Killed a deep elf knight
  2164 | D        | Reached skill level 19 in Spellcasting
  2164 | D        | Reached skill level 15 in Earth Magic
  2164 | D        | Killed a deep elf knight
  2164 | D        | Offered knowledge of Olgreb's Toxic Radiance by Vehumet.
  2164 | D        | Killed a deep elf pyromancer
  2167 | D        | Killed a deep elf zephyrmancer
  2167 | D        | Killed a deep elf zephyrmancer
  2168 | D        | Reached skill level 20 in Spellcasting
  2226 | D        | Identified the +10 halberd of the Beast {vorpal, Fly
                  | Will++}
  2226 | D        | Noticed a deep elf demonologist
  2230 | D        | Noticed an Executioner
  2250 | D        | Slain by an Executioner

Illustrated notes

Levels and vault maps discovered:
D:        dungeon_sprint_mu [sprint_mu_entry_cave, sprint_mu_temple_rooms,
          sprint_mu_d1_spiders, sprint_mu_d2_genie, sprint_mu_d3_branching,
          sprint_mu_orc_legion, sprint_mu_elf_gauntlet, sprint_mu_hive_nellie,
          sprint_mu_lair_fedhas, sprint_mu_vaults_butterflies,
          sprint_mu_slime_circle, sprint_mu_swamp_cave, sprint_mu_snake_twists,
          sprint_mu_blade_basic, sprint_mu_crypt_lich, sprint_mu_tomb_spiral,
          sprint_mu_vestibule_basic, sprint_mu_gehenna_hellfire,
          sprint_mu_dis_giant, sprint_mu_tartarus_statrot,
          sprint_mu_cocytus_islands, sprint_mu_zot1]

Skill      XL: |  1  2  3  4  5  6  7  8  9 10 |
---------------+-------------------------------+-----
Spellcasting   | 4 5 6 7 12 14 15 18 20 | 20.1
Earth Magic    | 4 6 10 11 12 14 15 | 15.8
Dodging        | 3 4 5 |  5.2
Stealth        | 4 5 6 |  6.6
Conjurations   | 1 2 |  2.3
Transmutations | 2 |  2.4
Evocations     | 4 5 |  5.7

Action                   |  1- 3 |  4- 6 |  7- 9 | 10-12 || total
-------------------------+-------+-------+-------+-------++-------
 Cast: Sandblast         |    20 |     6 |     2 |     3 ||    31
       Passwall          |     1 |       |       |       ||     1
       Stone Arrow       |     3 |     1 |    12 |     1 ||    17
       Lee's Rapid Decon |       |     4 |    26 |    12 ||    42
Evoke: Piece from Xom's  |       |       |     9 |     2 ||    11
  Use: Potion            |     1 |       |       |     2 ||     3
       Scroll            |       |       |       |     1 ||     1
Armor: Robe              |       |       |       |     1 ||     1
Dodge: Dodged            |     2 |     4 |       |     9 ||    15

Table legend: (Time is in decaauts)
 A = Elapsed time spent in this place.
 B = Non-inter-level travel time spent in this place.
 C = Inter-level travel time spent in this place.
 D = Time resting spent in this place.
 E = Time spent auto-exploring this place.
 F = Levels seen in this place.
 G = Mean time per level.
                   A        B        C        D        E       F      G
               +--------+--------+--------+--------+--------+-----+--------+
         Total |   2065 |   2052 |     13 |   1537 |     62 |   1 | 2065.0 |
       Dungeon |   2065 |   2052 |     13 |   1537 |     62 |   1 | 2065.0 |
               +--------+--------+--------+--------+--------+-----+--------+

Top non-repeatable levels by time:
       D: 2065 daAuts
